 Dungeon Crawl Stone Soup version 0.22-a0-40-g3d2f077 (webtiles) character file.

1 tidbits the Grave Robber (level 1, 10/13 HPs)
             Began as a Gnoll Necromancer on Jan 4, 2018.
             Quit the game on level 4 of the Dungeon.
             The game lasted 00:02:07 (286 turns).

tidbits the Grave Robber (Gnoll Necromancer)         Turns: 286, Time: 00:02:08

Health: 10/13      AC:  2    Str: 10    XL:     1   Next: 20%
Magic:  6/6        EV: 14    Int: 17    God:
Gold:   54         SH:  0    Dex: 15    Spells: 8/9 levels left

rFire    . . .     SeeInvis .   a - +0 dagger
rCold    . . .     Gourm    .   (no shield)
rNeg     . . .     Faith    .   h - +0 robe
rPois    .         Spirit   .   (no helmet)
rElec    .         Reflect  .   (no cloak)
rCorr    .         Harm     .   (no gloves)
MR       .....                  (no boots)
Stlth    +++.......             (no amulet)
HPRegen  0.04/turn              (no ring)
MPRegen  0.10/turn              (no ring)

@: no status effects
A: distributed training, fangs 1, strong nose
a: no special abilities


You were on level 4 of the Dungeon.
You were not hungry.

You visited 1 branch of the dungeon, and saw 5 of its levels.

You collected 54 gold pieces.

Inventory:

Hand Weapons
 a - a +0 dagger (weapon)
Armour
 h - a +0 robe (worn)
Scrolls
 f - 3 scrolls of identify
 i - a scroll of enchant armour
Books
 b - a book of Necromancy

   Spells                             Type                      Level
   a - Pain                           Necromancy                   1
   b - Animate Skeleton               Necromancy                   1
   c - Vampiric Draining              Necromancy                   3
   d - Regeneration                   Charms/Necromancy            3
   e - Animate Dead                   Necromancy                   4
   f - Borgnjor's Vile Clutch         Necromancy/Earth             5
Comestibles
 c - 3 rations


   Skills:
 + Level 0.0 Fighting
 + Level 0.0 Short Blades
 + Level 0.0 Long Blades
 + Level 0.0 Axes
 + Level 0.0 Maces & Flails
 + Level 0.0 Polearms
 + Level 0.0 Staves
 + Level 0.0 Slings
 + Level 0.0 Bows
 + Level 0.0 Crossbows
 + Level 0.0 Throwing
 + Level 0.0 Armour
 + Level 4.4 Dodging
 + Level 4.0 Stealth
 + Level 0.0 Shields
 + Level 0.0 Unarmed Combat
 + Level 4.8 Spellcasting
 + Level 0.0 Conjurations
 + Level 0.0 Hexes
 + Level 0.0 Charms
 + Level 0.0 Summonings
 + Level 7.0 Necromancy
 + Level 0.0 Translocations
 + Level 0.0 Transmutations
 + Level 0.0 Fire Magic
 + Level 0.0 Ice Magic
 + Level 0.0 Air Magic
 + Level 0.0 Earth Magic
 + Level 0.0 Poison Magic
 + Level 0.0 Invocations
 + Level 0.0 Evocations


You had 8 spell levels left.
You knew the following spells:

 Your Spells              Type           Power        Failure   Level  Hunger
a - Pain                  Necr           ####         1%          1    None


Dungeon Overview and Level Annotations

Branches:
Dungeon (5/15)
 Temple: D:4-7

Altars:
Elyvilon

Annotations:
D:4 KristoblXynda's ghost, amateur SpSk
D:5 Prince Ribbit


Innate Abilities, Weirdness & Mutations

Your experience applies equally to all skills.
You have very sharp teeth.
Your uncanny sense of smell can sniff out nearby items.


Message History

There is a stone staircase leading up here.
You see here 7 gold pieces.
You now have 15 gold pieces (gained 7).
Found 11 gold pieces.
Found 3 scrolls labeled HUNUKU LYISH.
There is a stone staircase leading down here.
KristoblXynda's ghost (amateur Spriggan Skald) comes into view.
KristoblXynda's ghost moves out of view.
There is a stone staircase leading down here.
You climb downwards.
You hear the hiss of flowing sand.
There is an entrance to an ossuary on this level.
Hurry and find it before the portal is buried!
There is a stone staircase leading up here.
A leopard gecko and 2 slaves come into view.
Unknown command. 2 gnolls, a slave and Prince Ribbit come into view.
Found a ration.
Found a stone staircase leading down.
The slave shouts!
You hear a shout!
You hear a croak.
You hear a shout! x2
You hear a shout!
The slave shouts!
You hear a shout!
It was a potion of brilliance.
You feel clever all of a sudden.
Casting: Pain
Confirm with . or Enter, or press ? or * to list all spells.
Aiming: Pain
Press: ? - help, Shift-Dir - straight line, f - Prince Ribbit
Aim: Prince Ribbit (chance to defeat MR: 71%) Prince Ribbit struggles to resist.
The slave shouts!
Casting: Pain
Confirm with . or Enter, or press ? or * to list all spells.
Aiming: Pain
Press: ? - help, Shift-Dir - straight line, f/p - Prince Ribbit
Aim: Prince Ribbit (chance to defeat MR: 71%) Prince Ribbit writhes in agony!
Prince Ribbit blinks!
There is a stone staircase leading up here.
Prince Ribbit blinks!
You climb upwards.
Level annotation: KristoblXynda's ghost, amateur SpSk
There is a stone staircase leading down here.
You see here 11 gold pieces.
You now have 26 gold pieces (gained 11).
KristoblXynda's ghost turns its malevolent gaze towards you.
You see here 3 scrolls labeled HUNUKU LYISH.
f - 4 scrolls labeled HUNUKU LYISH (gained 3) KristoblXynda's ghost gestures wildly while chanting.
KristoblXynda's ghost's wounds begin to heal before your eyes!
You aren't carrying any potions.
Unknown command.
As you read the scroll labeled HUNUKU LYISH, it crumbles to dust.
It is a scroll of identify.
i - a scroll of enchant armour
As you read the scroll labeled JIET DEIFESUPH, it crumbles to dust.
You feel blessed for a moment.
It was a scroll of remove curse.
KristoblXynda's ghost hits you.
As you read the scroll labeled REYTEM DUDY COIWK, it crumbles to dust.
It is a scroll of amnesia.
Okay, then.
KristoblXynda's ghost barely misses you.
Found a ring mail.
KristoblXynda's ghost stares at you.
Found 18 arrows.
Found 12 gold pieces.
KristoblXynda's ghost is no longer regenerating.
Found a hand axe.
A giant cockroach comes into view.
You see here 12 gold pieces.
You now have 38 gold pieces (gained 12).
KristoblXynda's ghost mumbles some strange words.
KristoblXynda's ghost's wounds begin to heal before your eyes!
The giant cockroach barely misses you. The giant cockroach closely misses you.
The giant cockroach completely misses you.
The giant cockroach bites you but does no damage.
The giant cockroach barely misses you.
The giant cockroach bites you but does no damage.
You feel a little less clever now. The giant cockroach closely misses you.
The giant cockroach barely misses you.
An iguana comes into view.
Found 22 bolts.
The iguana hisses angrily.
The giant cockroach closely misses you.
KristoblXynda's ghost is no longer regenerating.
The iguana barely misses you.
KristoblXynda's ghost mumbles some strange words.
KristoblXynda's ghost's wounds begin to heal before your eyes!
The iguana closely misses you. The giant cockroach misses you.
The giant cockroach waves its antennae.
The giant cockroach closely misses you.
Found 16 gold pieces.
The giant cockroach barely misses you.
You see here 16 gold pieces.
You now have 54 gold pieces (gained 16).
The giant cockroach bites you but does no damage.
You don't have any unidentified items.
Unknown command.
The giant cockroach misses you.
Are you sure you want to abandon this character and quit the game? (Confirm with "yes".)

#..........##
###.....#
##........##
##.##.##
###..(..##
##.## .# ∆
##..### ##.W#
### ##..##
##.l.#
##...##
#s..## #@###
###


You could see an iguana, KristoblXynda's ghost and a giant cockroach.

Vanquished Creatures
  A kobold (D:2)
1 creature vanquished.

Notes
Turn   | Place    | Note
-------+----------+-------------------------------------------
     0 | D:1      | tidbits the Gnoll Necromancer began the quest for the Orb.
     0 | D:1      | Reached XP level 1. HP: 13/13 MP: 6/6
   131 | D:3      | Found a white marble altar of Elyvilon.
   172 | D:4      | Noticed KristoblXynda's ghost (amateur SpSk)
   176 | D:5      | Entered Level 5 of the Dungeon
   185 | D:5      | Noticed a slave
   185 | D:5      | Noticed a slave
   186 | D:5      | Noticed a slave
   186 | D:5      | Noticed Prince Ribbit
   260 | D:4      | Noticed an iguana
   286 | D:4      | Quit the game

Vault maps used:
D:1:      giann_forest_graveyard
D:2:      nicolae_qazlal_general_emergency, grunt_ministairs_9,
          uniq_crazy_yiuf_cottage, uniq_jessica, uniq_natasha
D:3:      lemuel_round_altar, moated_statue, st_stairs_1
D:4:      lemuel_temple_firewalk_b, first_ration
D:5:      nicolae_overflow_crystal_walls, chequers_ossuary_entry_cave,
          uniq_pikel, uniq_prince_ribbit1, uniq_blork_the_orc, uniq_duvessa

Action                   || total
-------------------------++-------
 Cast: Pain              ||     3
  Use: Scroll            ||     3
       Potion            ||     1
Armor: Robe              ||     3
Dodge: Dodged            ||    14

Table legend:
 A = Spawn XP
 B = Non-spawn XP
 C = Spawn XP percentage of total XP
 D = Spawn monster count
 E = Non-spawn monster count
 F = Spawn count percentage of total count
 G = Total turns spent on level
                    A         B        C        D         E        F      G
               +---------+---------+-------+---------+---------+-------+---------
         Total |       0 |       2 |   0.0 |       0 |       1 |   0.0 |   286
               +---------+---------+-------+---------+---------+-------+---------
           D:2 |       0 |       2 |   0.0 |       0 |       1 |   0.0 |     4
               +---------+---------+-------+---------+---------+-------+---------

Table legend:
 A = Turns spent in this place as a percentage of turns spent in the entire game.
 B = Non-inter-level travel turns spent in this place as a percentage of non-inter-level travel turns spent in the entire game.
 C = Inter-level travel turns spent in this place as a percentage of turns spent in this place.
 D = Turns resting spent in this place as a percentage of non-inter-level travel turns spent in this place.
 E = Turns spent auto-exploring this place as a percentage of non-inter-level travel turns spent in this place.
 F = Non-inter-level travel turns spent in this place divided by the number of levels of this place that you've seen.
                   A       B       C       D       E      F
               +-------+-------+-------+-------+-------+----------------------
         Total | 100.0 | 100.0 |   0.0 |   0.0 |   0.0 |  57.2
       Dungeon | 100.0 | 100.0 |   0.0 |   0.0 |   0.0 |  57.2
               +-------+-------+-------+-------+-------+----------------------

Table legend:
 A = Kills in this place as a percentage of kills in entire the game.
 B = Kills by you in this place as a percentage of kills by you in the entire game.
 C = Kills by friends in this place as a percentage of kills by friends in the entire game.
 D = Other kills in this place as a percentage of other kills in the entire game.
 E = Experience gained in this place as a percentage of experience gained in the entire game.
 F = Experience gained in this place divided by the number of levels of this place that you have seen.
                   A       B       C       D       E      F
               +-------+-------+-------+-------+-------+----------------------
         Total | 100.0 | 100.0 |   N/A |   N/A | 100.0 |   0.4
       Dungeon | 100.0 | 100.0 |   N/A |   N/A | 100.0 |   0.4
               +-------+-------+-------+-------+-------+----------------------

Vault maps used:
D:1:      giann_forest_graveyard
D:2:      nicolae_qazlal_general_emergency, grunt_ministairs_9,
          uniq_crazy_yiuf_cottage, uniq_jessica, uniq_natasha
D:3:      lemuel_round_altar, moated_statue, st_stairs_1
D:4:      lemuel_temple_firewalk_b, first_ration
D:5:      nicolae_overflow_crystal_walls, chequers_ossuary_entry_cave,
          uniq_pikel, uniq_prince_ribbit1, uniq_blork_the_orc, uniq_duvessa
